 Dungeon Crawl Stone Soup version 0.29-a0-352-g0917bc69df (webtiles) character file.

Game seed: 16202860055245403637

123 Lekart the Skirmisher (level 4, -1/40 HPs)
             Began as a Draconian Chaos Knight on Apr 24, 2022.
             Was a Plaything of Xom.
             Slain by Natasha (4 damage)
             ... on level 3 of the Dungeon.
             The game lasted 00:05:18 (3312 turns).

Lekart the Skirmisher (Draconian Chaos Knight)      Turns: 3312, Time: 00:05:18

Health: -1/40      AC:  7    Str: 15    XL:     4   Next: 80%
Magic:  4/4        EV: 12    Int: 12    God:    Xom [......]
Gold:   151        SH:  0    Dex: 12    Spells: 3/3 levels left

rFire   . . .      SeeInvis .   a - +0 falchion (chaos)
rCold   . . .      Faith    .   (no shield)
rNeg    . . .      Spirit   .   (body armour unavailable)
rPois   .          Reflect  .   r - +2 hat
rElec   .          Harm     .   (no cloak)
rCorr   .          Rampage  .   (no gloves)
Will    .....                   (no boots)
Stlth   +.........              (no amulet)
HPRegen 0.13/turn               (no ring)
MPRegen 0.09/turn               (no ring)

@: no status effects
A: AC +5, unfitting armour, cold-blooded
a: Renounce Religion


You were on level 3 of the Dungeon.
You worshipped Xom.
You were a very special plaything of Xom.
You visited 1 branch of the dungeon, and saw 3 of its levels.

You collected 151 gold pieces.

Inventory:

Hand Weapons
 a - a +0 falchion of chaos (weapon)
Missiles
 o - 3 atropa-tipped darts
 q - 2 javelins (quivered)
Armour
 r - a +2 hat (worn)
Jewellery
 v - a +6 ring of dexterity
Scrolls
 c - a scroll of amnesia {unknown}
 e - a scroll of noise {unknown}
 h - 3 scrolls of identify {unknown}
 i - a scroll of vulnerability {unknown}
 j - a scroll of summoning {unknown}
 l - a scroll of fear {unknown}
 m - a scroll of fog {unknown}
 p - a scroll of immolation {unknown}
 s - a scroll of teleportation {unknown}
 u - a scroll of enchant armour {unknown}
Potions
 d - a potion of haste {unknown}
 f - 2 potions of flight {unknown}
 g - 3 potions of curing
 k - a potion of invisibility {unknown}
 n - a potion of degeneration {unknown}
 t - a potion of resistance {unknown}
Miscellaneous
 b - a piece from Xom's chessboard (15/15)


   Skills:
 + Level 4.1 Fighting
 + Level 4.1 Long Blades
 + Level 0.3 Throwing
 + Level 3.2 Dodging
 + Level 0.1 Evocations


You had 3 spell levels left.
You didn't know any spells.
Your spell library contained the following spells:

 Spells                   Type           Power      Damage    Failure   Level
 Static Discharge         Conj/Air       0%         N/A       45%         2
 Tukima's Dance           Hex            0%         N/A       69%         3
 Anguish                  Hex/Necr       0%         N/A       97%         4
 Dispel Undead            Necr           0%         3d6       97%         4
 Sticky Flame             Conj/Fire      0%         2d3       97%         4
 Enfeeble                 Hex            0%         N/A       100%        7


Dungeon Overview and Level Annotations

Branches:
Dungeon (3/15)

Altars:

Annotations:
D:3 Natasha


Innate Abilities, Weirdness & Mutations

Your plain brown scales are hard. (AC +5)
You cannot fit into any form of body armour.
You are cold-blooded and may be slowed by cold attacks.


Message History

The shadow imp is almost dead.
The shadow imp gestures at you. Pain shoots through your body!
A shower of butterflies erupts from you!
Natasha claws you but does no damage.
You barely miss the shadow imp. You tail-slap the shadow imp.
You kill the shadow imp!
The shadow imp disappears in a puff of smoke!
Natasha claws you!
You are too injured to fight recklessly!
You are too injured to fight recklessly!
You are too injured to fight recklessly!
You barely miss Natasha. Natasha misses you.
You hit Natasha.
Natasha resists with some effort.
Natasha is heavily wounded.
Natasha claws you.
You hit Natasha. You burn Natasha.
Natasha is severely wounded.
Natasha claws you.
* * * LOW HITPOINT WARNING * * *
You closely miss Natasha. Your punch misses Natasha.
Natasha is severely wounded.
Natasha drinks a potion.
Natasha is healed!
You barely miss Natasha.
Natasha is lightly wounded.
Xom's power touches on you for a moment.
Your body is wracked with pain!
* * * LOW HITPOINT WARNING * * *
Natasha claws you.
* * * LOW HITPOINT WARNING * * *
You hit Natasha.
Natasha is moving more slowly.
Natasha is lightly wounded.
Natasha closely misses you. Natasha barely misses you.
You slash Natasha!
You feel better.
Natasha is heavily wounded.
Natasha barely misses you.
You hit Natasha. You freeze Natasha.
Natasha is severely wounded.
Natasha claws you.
You die...

#.............# #
#.....(.(.....# #
#.............# #
#..b..........# #
######...b.b.......# #
#..................# #
#..................# #
#......h...........#
################@.........####
..........######..........#
########........#######...#
#[.......# #...# #........#
##'## #........# #.# ###
#........## #.# #..
##.#......# #.# #.. #.#......#
#.# ##..


You could see Natasha (petrifying).

Vanquished Creatures
  A hound (D:3)
  Natasha (D:3)
  A worm (D:2)
  2 dart slugs (D:1)
  10 bats
  7 endoplasms
  4 giant cockroaches
  6 goblins
  7 hobgoblins
  2 jackals (D:3)
  5 quokkas
  2 ball pythons
  6 frilled lizards
  4 kobolds
  3 rats (D:1)
61 creatures vanquished.

Vanquished Creatures (others)
  A jackal (D:3)
1 creature vanquished.

Grand Total: 62 creatures vanquished

Notes
Turn   | Place    | Note
-------+----------+-------------------------------------------
     0 | D:1      | Lekart the Draconian Chaos Knight began the quest for the
                  | Orb.
     0 | D:1      | Reached XP level 1. HP: 19/19 MP: 1/1
   209 | D:1      | Reached XP level 2. HP: 20/26 MP: 2/2
   209 | D:1      | XOM: potion effect (haste)
   529 | D:1      | XOM is BORED!
   529 | D:1      | XOM: silly message
   559 | D:1      | XOM: silly message
   592 | D:1      | XOM: silly message
   649 | D:1      | Reached XP level 3. HP: 32/33 MP: 3/3
  1157 | D:2      | XOM: noise
  1166 | D:2      | Found a faded altar of an unknown god.
  1324 | D:2      | XOM: silly message
  1422 | D:2      | XOM: silly message
  1965 | D:2      | XOM: silly message
  2137 | D:3      | Reached XP level 4. HP: 39/40 MP: 4/4
  2547 | D:3      | Noticed Natasha
  2562 | D:3      | Killed Natasha
  2793 | D:3      | XOM: 1-stop teleportation journey
  2853 | D:3      | XOM: 2-stop teleportation journey
  3296 | D:3      | Noticed Natasha
  3303 | D:3      | XOM: butterfly on damage
  3309 | D:3      | XOM: torment (7/40 hp)
  3309 | D:3      | HP: 1/40 [Natasha (6)]
  3312 | D:3      | Slain by Natasha

Illustrated notes

Levels and vault maps discovered:
D:1:      psy_arrival_statuary, layout_basic
D:2:      layout_rooms, nicolae_ecumenical_oubliette, serial_co_window_serial,
          co_window_of_opportunity_a, co_window_paths_a,
          co_window_of_opportunity_a, co_window_paths_a, co_window_paths_a,
          co_window_corner_a, co_window_of_opportunity_a,
          co_window_unsneaky_path_a, co_window_broadway_a, co_window_paths_c,
          co_window_4corner_b, co_window_4corner_a, glass_columns_a,
          glass_columns_c
D:3:      layout_basic, uniq_natasha

Skill      XL: |  1  2  3  4 |
---------------+-------------+-----
Fighting       | 4 |  4.1
Long Blades    | 4 |  4.1
Dodging        | 3 |  3.2
Throwing       | |  0.3
Evocations     | |  0.1

Action                   |  1- 3 |  4- 6 || total
-------------------------+-------+-------++-------
Melee: Falchion          |   138 |    35 ||   173
       Tailslap          |    14 |     5 ||    19
Throw: Dart              |    17 |     5 ||    22
       Javelin           |       |     7 ||     7
Evoke: Piece from Xom's  |     1 |       ||     1
 Stab: Sleeping          |     2 |       ||     2
       Invisible         |     1 |       ||     1
Armor: Skin              |    60 |    15 ||    75
Dodge: Dodged            |    80 |    32 ||   112

Table legend: (Time is in decaauts)
 A = Elapsed time spent in this place.
 B = Non-inter-level travel time spent in this place.
 C = Inter-level travel time spent in this place.
 D = Time resting spent in this place.
 E = Time spent auto-exploring this place.
 F = Levels seen in this place.
 G = Mean time per level.
                   A        B        C        D        E       F      G
               +--------+--------+--------+--------+--------+-----+--------+
         Total |   3328 |   3239 |     89 |    377 |   2299 |   3 | 1109.3 |
       Dungeon |   3328 |   3239 |     89 |    377 |   2299 |   3 | 1109.3 |
               +--------+--------+--------+--------+--------+-----+--------+

Top non-repeatable levels by time:
     D:3: 1288 daAuts
     D:2: 1241 daAuts
     D:1: 797 daAuts
